 Dungeon Crawl Stone Soup version 0.20.1-1-g8b1a95d (webtiles) character file.

57 letownia2 the Grave Robber (level 3, 0/28 HPs)
             Began as a Deep Dwarf Necromancer on Oct 28, 2017.
             Slain by Darkyelf's ghost (5 damage)
             ... in a sewer.
             The game lasted 00:05:02 (902 turns).

letownia2 the Grave Robber (Deep Dwarf Necromancer)  Turns: 902, Time: 00:05:03

Health: 0/28       AC:  4    Str:  9    XL:     3   Next: 73%
Magic:  1/7        EV: 12    Int: 16    God:
Gold:   65         SH:  0    Dex: 13    Spells: 3/7 levels left

rFire    . . .     SeeInvis .   n - +0 dagger
rCold    . . .     Gourm    .   (no shield)
rNeg     + . .     Faith    .   i - +1 leather armour
rPois    .         Spirit   .   (no helmet)
rElec    .         Reflect  .   (no cloak)
rCorr    .         Harm     .   (no gloves)
MR       .....                  (no boots)
Stlth    ++........             (no amulet)
Regen    0.0/turn               j - -2 ring of strength (curse)
MPRegen  0.1/turn               m - ring of positive energy

@: non-regenerating
A: damage resistance, heal wounds, sense surroundings 1, no regeneration
a: Heal Wounds


You were in a sewer.
You were hungry.

You visited 1 branch of the dungeon, and saw 3 of its levels.
You also visited: Sewer.

You collected 65 gold pieces.

Inventory:

Hand Weapons
 k - a +0 short sword
 n - a +0 dagger (weapon)
Missiles
 f - 8 poisoned needles
Armour
 a - a +0 robe
 i - a +1 leather armour (worn)
Jewellery
 j - a cursed -2 ring of strength (left hand)
 m - a ring of positive energy (right hand)
Wands
 h - a wand of disintegration (0/24)
Potions
 e - a potion of haste {unknown}
 o - a potion of curing {unknown}
 p - a potion of lignification {unknown}
Books
 b - a book of Necromancy

   Spells                             Type                      Level
   a - Pain                           Necromancy                   1
   b - Animate Skeleton               Necromancy                   1
   c - Vampiric Draining              Necromancy                   3
   d - Regeneration                   Charms/Necromancy            3
   e - Animate Dead                   Necromancy                   4
   f - Control Undead                 Necromancy                   4
Comestibles
 c - a bread ration
 l - 4 chunks of flesh


   Skills:
 - Level 2.1 Dodging
 - Level 2.4 Stealth
 + Level 2.9 Spellcasting
 + Level 5.1 Necromancy


You had 3 spell levels left.
You knew the following spells:

 Your Spells              Type           Power        Failure   Level  Hunger
a - Pain                  Necr           ###.         3%          1    #......
v - Vampiric Draining     Necr           ###.......   10%         3    ###....


Dungeon Overview and Level Annotations

Branches:
Dungeon (3/15)

Altars:

Annotations:
Sewer Darkyelf's ghost, amateur FoAK


Innate Abilities, Weirdness & Mutations

You are resistant to damage.
You can heal yourself by infusing magical energy.
You passively map a small area around you.
You do not regenerate.


Message History

Unknown command.
Unknown command.
Evoke which item? (* to show all) (? for menu, Esc to quit)
Okay, then.
You barely miss Darkyelf's ghost.
Darkyelf's ghost is almost destroyed.
The rat bites you but does no damage.
Darkyelf's ghost boasts, "I have defeated monsters you have never seen."
Darkyelf's ghost barely misses you.
You hit Darkyelf's ghost but do no damage.
Darkyelf's ghost is almost destroyed.
The rat misses you. Darkyelf's ghost barely misses you.
You hit Darkyelf's ghost but do no damage.
Darkyelf's ghost is almost destroyed.
The rat misses you. Darkyelf's ghost hits you!
* * * LOW HITPOINT WARNING * * *
You hit Darkyelf's ghost but do no damage.
Darkyelf's ghost is almost destroyed.
The rat bites you but does no damage. Darkyelf's ghost hits you.
You die...

, #≈ , * * * ≈#≈#≈*
* , ≈#≈#≈# , #≈#≈#≈
, ###+###≈#≈#≈####
#....≈≈≈≈≈≈≈≈≈≈≈.
#.%....≈≈≈≈≈≈≈≈≈.
#..†@≈≈≈≈≈≈≈≈≈..
#..Wr#≈≈≈≈≈≈≈≈≈. ,*
#..†.##≈≈≈≈≈≈≈≈.
#.....#≈≈≈≈≈≈≈≈.
#......†≈≈≈≈≈≈≈.,
##......≈≈≈≈≈≈..,,
* ##.....≈≈≈≈≈... ,
#.....≈≈≈≈≈≈.....r#
#....≈≈≈≈≈≈≈......


You could see Darkyelf's ghost and a rat.

Vanquished Creatures
  An adder (Sewer)
  2 river rats (Sewer)
  A dart slug (D:2)
  An orc (D:3)
  5 hobgoblins
  5 kobolds
  A quokka (D:3)
  4 ball pythons
  3 bats
  A frilled lizard (D:3)
  5 rats (Sewer)
29 creatures vanquished.

Notes
Turn   | Place    | Note
-------+----------+-------------------------------------------
     0 | D:1      | letownia2 the Deep Dwarf Necromancer began the quest for the Orb.
     0 | D:1      | Reached XP level 1. HP: 15/15 MP: 3/3
   463 | D:2      | Reached XP level 2. HP: 19/22 MP: 1/5
   702 | D:3      | Found a glowing drain.
   805 | Sewer    | Entered a sewer
   819 | Sewer    | Reached XP level 3. HP: 20/28 MP: 3/6
   824 | Sewer    | Learned a level 3 spell: Vampiric Draining
   857 | Sewer    | Noticed Darkyelf's ghost (amateur FoAK)
   868 | Sewer    | Reached skill level 5 in Necromancy
   902 | Sewer    | Slain by Darkyelf's ghost

Skill      XL: |  1  2  3 |
---------------+----------+-----
Spellcasting   | 2 |  2.9
Necromancy     | 5 |  5.1
Dodging        | |  2.1
Stealth        | |  2.4

Action                   || total
-------------------------++-------
Melee: Unarmed           ||     8
       Dagger            ||    20
 Cast: Pain              ||    45
Evoke: Wand              ||     4
  Use: Scroll            ||     2
Armor: Leather armour    ||    20
       Robe              ||     1
Dodge: Dodged            ||    61
